 Seeded DCSS version 0.30.0-19-g36f170ea60 (webtiles) character file.

Game seed: 6351066067085065685 (custom seed)

27 Esekla the Grave Robber (level 2, -1/15 HPs)
             Began as a Deep Elf Necromancer on May 28, 2023.
             Was an Initiate of Vehumet.
             Slain by an endoplasm (3 damage)
             ... on level 1 of the Dungeon.
             The game lasted 00:05:35 (922 turns).

Esekla the Grave Robber (Deep Elf Necromancer)       Turns: 922, Time: 00:05:36

Health: -1/15      AC:  2    Str:  5    XL:     2   Next: 93%
Magic:  8/8        EV: 13    Int: 19    God:    Vehumet [......]
Gold:   71         SH:  0    Dex: 15    Spells: 6/7 levels left

rFire   . . .        c - +1 dagger (drain)
rCold   . . .        (no shield)
rNeg    . . .        a - +0 robe
rPois   .            (no helmet)
rElec   .            (no cloak)
rCorr   .            (no gloves)
SInv    .            (no boots)
Will    .....        (no amulet)
Stlth   ++           (no ring)
HPRegen 0.22/turn    (no ring)
MPRegen 0.11/turn

%: no passive effects
@: no status effects
A: no striking features
a: Renounce Religion


You were on level 1 of the Dungeon.
You worshipped Vehumet.
Vehumet was noncommittal.
You visited 1 branch of the dungeon, and saw 4 of its levels.

You collected 71 gold pieces.

Inventory:

Hand Weapons
 c - a +1 dagger of draining (weapon)
Armour
 a - a +0 robe (worn)
Wands
 i - a wand of roots (9)
Scrolls
 e - a scroll of fear {unknown}
 f - 2 scrolls of identify {unknown}
Potions
 b - a potion of magic
 d - a potion of ambrosia {unknown}
 g - a potion of attraction {unknown}
 h - a potion of heal wounds {unknown}
 j - a potion of haste {unknown}
 k - a potion of curing {unknown}


   Skills:
 * Level 3.0 Dodging
 + Level 2.5 Stealth
 * Level 3.1 Spellcasting
 + Level 5.5 Necromancy


You had 6 spell levels left.
You knew the following spells:

 Your Spells              Type           Power      Damage    Failure   Level
a - Necrotise             Necr           96%        1d8       1%          1

Your spell library contained the following spells:

 Spells                   Type           Power      Damage    Failure   Level
 Vampiric Draining        Necr           24%        2d7       4%          3
 Animate Dead             Necr           24%        N/A       16%         4
 Lesser Beckoning         Tloc           4%         N/A       22%         2
 Agony                    Necr           24%        N/A       38%         5
 Gell's Gravitas          Tloc           2%         N/A       41%         3
 Teleport Other           Tloc           2%         N/A       41%         3


Dungeon Overview and Level Annotations

Branches:
Dungeon (4/15)
 Temple: D:4-7

Altars:
Vehumet

Shops:
D:2 =


Message History

A goblin and a frilled lizard come into view.
The goblin shouts!
You see here 16 gold pieces.
You now have 71 gold pieces (gained 16).
The frilled lizard hisses angrily.
Found a scroll labelled MANIROASHRE.
An endoplasm comes into view.
You closely miss the frilled lizard. The frilled lizard closely misses you.
An endoplasm comes into view.
You barely miss the frilled lizard. The frilled lizard bites you.
You barely miss the frilled lizard.
The frilled lizard completely misses you.
You barely miss the frilled lizard. The frilled lizard misses you.
The endoplasm quivers.
You hit the frilled lizard.
You kill the frilled lizard!
Vehumet accepts your kill.
Your Dodging skill increases to level 3!
You barely miss the goblin. The goblin hits you but does no damage.
You completely miss the goblin. The goblin misses you.
You closely miss the goblin. The goblin hits you with a +0 club.
You hit the goblin.
The goblin is heavily wounded.
The goblin hits you with a +0 club.
You closely miss the goblin.
The goblin is heavily wounded.
The goblin hits you with a +0 club.
You barely miss the goblin.
The goblin is heavily wounded.
The goblin hits you with a +0 club.
* * * LOW HITPOINT WARNING * * *
You hit the goblin.
You kill the goblin!
Vehumet accepts your kill.
Okay, then.
The endoplasm attacks as you move away! The endoplasm closely misses you.
You hit the endoplasm.
The endoplasm is moderately wounded.
The endoplasm hits you.
You die...

#. #.# . #?# .. #.# #..# ....
#.# # #.>## .....###.# #.#
#..#.
..J....#.#####.##########....
...l.#....JJ@.......(........
.....###..######...........#.
...................# #.....
...................#######...
####..........#............#
#..........#...##########
#[.......).#...#
#..........#...#
#..........#...#


You could see 2 endoplasms.

Vanquished Creatures
  A dart slug (D:1)
  4 ball pythons (D:1)
  3 bats
  2 endoplasms
  5 goblins
  A hobgoblin (D:1)
  A quokka (D:1)
  2 frilled lizards (D:1)
  2 kobolds (D:1)
21 creatures vanquished.

Notes
Turn   | Place    | Note
-------+----------+-------------------------------------------
     0 | D:1      | Esekla the Deep Elf Necromancer began the quest for the
                  | Orb.
     0 | D:1      | Reached XP level 1. HP: 10/10 MP: 6/6
    96 | D:1      | Reached skill level 5 in Necromancy
   193 | D:1      | Reached XP level 2. HP: 14/14 MP: 8/8
   447 | D:2      | Found Renulab's Jewellery Shop.
   681 | D:4      | Found a radiant altar of Vehumet.
   685 | D:4      | Became a worshipper of Vehumet
   922 | D:1      | Slain by an endoplasm

Illustrated notes

Levels and vault maps discovered:
D:1:      sevenhm_arrival_forest_fort_small_3, layout_rooms,
          chequers_serial_rivers_room_b, minmay_misc_feat_five
D:2:      layout_loops_ring, dreamdust_ecumenical_altar_angels_and_demons,
          serial_shops, shop
D:3:      layout_basic, grunt_temple_overflow_open, minmay_misc_feat_iff
D:4:      layout_basic, nicolae_overflow_quartered_altars, serial_shops,
          nicolae_diamond_shop

Skill      XL: |  1  2 |
---------------+-------+-----
Necromancy     | 5 |  5.5
Dodging        | 3 |  3.0
Stealth        | |  2.5
Spellcasting   | |  3.1

Action                     || total
---------------------------++-------
  Melee: Short sword       ||    23
         Unarmed           ||     9
         Dagger            ||    44
   Stab: Sleeping          ||     2
 Armour: Robe              ||    16
  Dodge: Dodged            ||    40
